 Dungeon Crawl Stone Soup version 0.20-b1 (webtiles) character file.

193 MTVSty1e the Skirmisher (level 5, -1/63 HPs)
             Began as a Demonspawn Gladiator on May 18, 2017.
             Slain by a bullfrog (5 damage)
             ... on level 4 of the Dungeon.
             The game lasted 00:04:54 (3078 turns).

MTVSty1e the Skirmisher (Demonspawn Gladiator)      Turns: 3078, Time: 00:04:54

Health: -1/63      AC: 13    Str: 20    XL:     5   Next: 44%
Magic:  5/5        EV: 11    Int: 10    God:
Gold:   141        SH:  8    Dex: 19    Spells: 4/4 levels left

rFire    . . .     SeeInvis .   n - +2 hand axe (freeze)
rCold    . . .     Gourm    .   g - +0 shield
rNeg     . . .     Faith    .   q - +0 chain mail
rPois    .         Spirit   .   c - +1 helmet
rElec    .         Reflect  .   (no cloak)
rCorr    .         Harm     .   (no gloves)
MR       .....                  (no boots)
Stlth    ..........             (no amulet)
Regen    0.2/turn               f - -2 ring of slaying (curse)
MPRegen  0.1/turn               (no ring)

@: mighty, agile, berserking, lethally poisoned (-1 -> -3), very quick
A: yellow scales 2, nightstalker 1
a: no special abilities


You were on level 4 of the Dungeon.
You were very hungry.

You visited 1 branch of the dungeon, and saw 4 of its levels.

You collected 190 gold pieces.
You spent 49 gold pieces at shops.

Inventory:

Hand Weapons
 a - a +1 war axe
 n - a +2 hand axe of freezing (weapon)
Missiles
 d - 3 throwing nets (quivered)
Armour
 c - a +1 helmet (worn)
 g - a +0 shield (worn)
 q - a +0 chain mail (worn)
Jewellery
 f - a cursed -2 ring of slaying (left hand)
Wands
 o - a wand of confusion (17/48)
Scrolls
 e - 2 scrolls of enchant weapon
 i - 6 scrolls of amnesia
 m - 5 scrolls of identify
 r - a scroll of teleportation
Potions
 j - 2 potions of might
 s - a potion of cancellation {unknown}
Comestibles
 b - a bread ration
 l - a fruit


   Skills:
 * Level 4.0 Fighting
 + Level 3.4 Axes
 - Level 1.7 Throwing
 + Level 1.9 Armour
 + Level 3.3 Dodging


You had 4 spell levels left.
You didn't know any spells.

Dungeon Overview and Level Annotations

Branches:
Dungeon (4/15)
 Temple: D:4-7

Altars:
Ashenzari
Hepliaklqana
Makhleb
Qazlal

Shops:
D:4 [

Annotations:
D:4 1 transporter


Innate Abilities, Weirdness & Mutations

You are mostly covered in yellow scales. (AC +3)
You are slightly more attuned to the shadows.


Message History

The worker ant barely misses you. You block the adder's attack.
It was a potion of agility.
You feel agile all of a sudden. Something barely misses you.
The bullfrog hits you.
* * * LOW HITPOINT WARNING * * *
The hungry ghost hits you.
You are feeling very hungry.
The adder barely misses you. The worker ant closely misses you.
The bullfrog barely misses you.
It was a potion of magic.
Magic courses through your body.
You feel sick. Something hits you but does no damage.
The adder bites you but does no damage. The hungry ghost closely misses you.
The worker ant bites you.
* * * LOW HITPOINT WARNING * * *
The bullfrog barely misses you. You block the adder's attack.
It was a potion of berserk rage.
A red film seems to cover your vision as you go berserk!
You feel yourself moving faster!
You feel mighty! Something hits you.
* * * LOW HITPOINT WARNING * * *
The bullfrog hits you.
You die...

... ......##
#########..#
...©...##.#
8$#$..#.8#.#
$(.#.#...#.##
.[.....W.#..## ....
#_$....@S.#©..# ......
#.|...{aF.#...# .....
#. #$(#...#..#...#
....##>.
#8$.#.#..8#..## ......#
.##.....$.##..#
.#.#..##..#########...#
......................#
..........######.###.##
.#........# #.....#


You could see a hungry ghost, a bullfrog, a worker ant and an adder.

Vanquished Creatures
  An orc wizard (D:3)
  An iguana (D:4)
  A worker ant (D:4)
  5 adders
  An ooze (D:4)
  3 worms
  A dart slug (D:1)
  3 leopard geckos
  3 orcs
  4 ball pythons
  2 giant cockroaches
  3 goblins
  4 hobgoblins
  3 jackals (D:2)
  A quokka (D:2)
  6 bats
  A frilled lizard (D:1)
  7 kobolds
  5 rats
55 creatures vanquished.

Notes
Turn   | Place    | Note
-------+----------+-------------------------------------------
     0 | D:1      | MTVSty1e the Demonspawn Gladiator began the quest for the Orb.
     0 | D:1      | Reached XP level 1. HP: 16/16 MP: 1/1
   203 | D:1      | Gained mutation: You are slightly more attuned to the shadows. [demonic ancestry]
   203 | D:1      | Reached XP level 2. HP: 20/23 MP: 2/2
   933 | D:2      | Gained mutation: You are partially covered in yellow scales. (AC +2) [demonic ancestry]
   933 | D:2      | Reached XP level 3. HP: 26/28 MP: 3/3
  1012 | D:2      | Reached skill level 1 in Armour
  1045 | D:2      | Reached skill level 3 in Fighting
  1698 | D:2      | Reached XP level 4. HP: 31/35 MP: 4/4
  1802 | D:2      | Found a burning altar of Makhleb.
  1882 | D:2      | Found a shattered altar of Ashenzari.
  2332 | D:3      | Found a shattered altar of Ashenzari.
  2333 | D:3      | You fall through a shaft!
  2333 | D:4      | Found a stormy altar of Qazlal.
  2360 | D:4      | Gained mutation: You are mostly covered in yellow scales. (AC +3) [demonic ancestry]
  2360 | D:4      | Reached XP level 5. HP: 23/42 MP: 5/5
  2983 | D:4      | Reached skill level 4 in Fighting
  2986 | D:4      | Found Xulitt's Armour Boutique.
  3000 | D:4      | Bought a +0 shield for 49 gold pieces
  3062 | D:4      | Found a hazy altar of Hepliaklqana.
  3064 | D:4      | Noticed a hungry ghost
  3078 | D:4      | Slain by a bullfrog

Skill      XL: |  1  2  3  4  5 |
---------------+----------------+-----
Axes           | 3 |  3.4
Armour         | 1 |  1.9
Fighting       | 3 4 |  4.0
Dodging        | 3 |  3.3
Throwing       | |  1.7

Action                   |  1- 3 |  4- 6 || total
-------------------------+-------+-------++-------
Melee: War axe           |   109 |    42 ||   151
       Hand axe          |       |    54 ||    54
  Use: Scroll            |       |     6 ||     6
       Potion            |       |     4 ||     4
 Stab: Sleeping          |     6 |     2 ||     8
  Eat: Bread ration      |     1 |       ||     1
       Royal jelly       |       |     1 ||     1
       Fruit             |       |     1 ||     1
Armor: Leather armour    |    35 |    15 ||    50
       Chain mail        |       |    37 ||    37
Dodge: Dodged            |   102 |    61 ||   163
Block: Shield            |       |     4 ||     4
